 Dungeon Crawl Stone Soup version 0.25.0-46-gbd7b0854d2 (webtiles) character file.

Game seed: 10714208289906597059

48 Milting the Ducker (level 3, 0/26 HPs)
             Began as an Octopode Berserker on July 12, 2020.
             Was a Believer of Trog.
             Slain by an adder (3 damage)
             ... on level 1 of the Dungeon.
             The game lasted 00:05:57 (923 turns).

Milting the Ducker (Octopode Berserker)              Turns: 923, Time: 00:05:57

Health: 0/26       AC:  1    Str: 17    XL:     3   Next: 72%
Magic:  3/3        EV: 14    Int:  9    God:    Trog [**....]
Gold:   38         SH:  0    Dex: 11    Spells: 2/2 levels left

rFire    . . .     SeeInvis .     - Unarmed
rCold    . . .     Gourm    .   (no shield)
rNeg     . . .     Faith    .   (helmet restricted)
rPois    .         Spirit   .   (no amulet)
rElec    .         Reflect  .   (no ring)
rCorr    .         Harm     .   (no ring)
MR       .....                  (no ring)
Stlth    +++.......             (no ring)
HPRegen  0.08/turn              (no ring)
MPRegen  0.08/turn              (no ring)
                                (no ring)
                                (no ring)

@: no status effects
A: almost no armour, stealthy swim, amphibious, 8 rings, constrict 8, camouflage
1, gelatinous body 1
a: Berserk, Trog's Hand, Renounce Religion


You were on level 1 of the Dungeon.
You worshipped Trog.
Trog was pleased with you.
You were not hungry.

You visited 1 branch of the dungeon, and saw 2 of its levels.

You collected 38 gold pieces.

Inventory:

Missiles
 d - 44 stones (quivered)
Scrolls
 f - a scroll of fear {unknown}
 g - a scroll of identify {unknown}
 h - a scroll of teleportation {unknown}
 k - a scroll of fog {unknown}
Potions
 b - a potion of resistance {unknown}
 c - a potion of curing {unknown}
 e - 2 potions of heal wounds {unknown}
 j - a potion of stabbing {unknown}
Comestibles
 a - 5 rations
 i - 7 chunks of flesh


   Skills:
 + Level 3.4 Fighting
 + Level 3.4 Dodging
 + Level 2.0 Stealth
 + Level 3.4 Unarmed Combat


You had 2 spell levels left.
You didn't know any spells.
Your spell library was empty.

Dungeon Overview and Level Annotations

Branches:
Dungeon (2/15)

Altars:


Innate Abilities, Weirdness & Mutations

You cannot wear most types of armour.
You are very stealthy in the water. (Stealth+)
You are amphibious.
You can wear up to eight rings at the same time.
You can use your tentacles to constrict eight enemies at once.
Your skin changes colour to match your surroundings (Stealth+).
Your rubbery body absorbs attacks. (AC +1, EV +1)


Message History

You release your grip on the adder.
The adder misses you.
The goblin shouts!
The adder bites you.
* * * LOW HITPOINT WARNING * * *
The adder barely misses you. The adder misses you.
You see here a +0 club.
The adder barely misses you.
You see here a ball python skeleton.
The adder closely misses you.
There is a stone staircase leading up here.
The adder bites you.
* * * LOW HITPOINT WARNING * * *
You climb upwards.
There is a stone staircase leading down here.
The adder bites you.
* * * LOW HITPOINT WARNING * * *
The adder bites you.
You die...

###.###....#.#.# ######..##
# #..##..[.#...#####.......#
####'##....##......#.#####.#
#.........##..####...# #.#
#.........##.## ##..# #.#
..........##.# #..#####.#
..##..#......## ##......#.#
..###...≈≈≈≈..####..≈≈≈≈...#
### #..≈≈≈≈≈≈...@S.≈≈≈≈≈§..#
# #..≈≈≈≈≈≈).<>..≈≈§≈§≈..#
#..≈≈≈≈≈≈[.....≈≈≈≈≈≈..#
#...≈≈≈≈...##...≈≈≈§...#
#.........####.........#
##.......#.# ##.......##
#........#.# #..#######
#........#.# #.##
#........#.# #.#


You could see an adder.

Vanquished Creatures
  A worm (D:2)
  4 dart slugs (D:1)
  A ball python (D:2)
  2 giant cockroaches
  4 goblins
  3 hobgoblins (D:1)
  4 jackals (D:2)
  6 bats
  5 frilled lizards (D:1)
  5 kobolds (D:1)
  A rat (D:1)
36 creatures vanquished.

Notes
Turn   | Place    | Note
-------+----------+-------------------------------------------
     0 | D:1      | Milting the Octopode Berserker began the quest for the Orb.
     0 | D:1      | Reached XP level 1. HP: 16/16 MP: 1/1
   132 | D:1      | Reached skill level 1 in Stealth
   132 | D:1      | Reached XP level 2. HP: 21/21 MP: 2/2
   599 | D:1      | Reached XP level 3. HP: 26/26 MP: 3/3
   601 | D:1      | Reached ** piety under Trog
   923 | D:1      | Slain by an adder

Illustrated notes

Levels and vault maps discovered:
D:1:      dpeg_arrival_pits, layout_basic, minmay_liquid_box
D:2:      layout_loops_ring, lemuel_crystal_altar, uniq_natasha

Skill      XL: |  1  2  3 |
---------------+----------+-----
Stealth        | 1 2 |  2.0
Fighting       | |  3.4
Dodging        | |  3.4
Unarmed Combat | |  3.4

Action                   || total
-------------------------++-------
Melee: Unarmed           ||    76
       Constrict         ||    25
       Tentacles         ||    15
       Punch             ||     2
Throw: Stone             ||     9
 Stab: Sleeping          ||     3
Armor: Skin              ||     6
Dodge: Dodged            ||    65
